 Dungeon Sprint DCSS version 0.26-a0-1164-g1a551d6a14 (webtiles) character file.

Game seed: 12581317091688087102

50697 mhtbhm the Hoplite (level 14, -5/152 HPs)
             Began as a Minotaur Fighter on Dec 23, 2020.
             Was the Champion of Makhleb.
             Killed from afar by an ice dragon (25 damage)
             ... with a blast of cold
             ... in the Dungeon (Sprint IX: "|||||||||||||||||||||||||||||").
             The game lasted 00:08:50 (3475 turns).

mhtbhm the Hoplite (Minotaur Fighter)               Turns: 3475, Time: 00:08:51

Health: -5/152     AC: 22    Str: 26    XL:     14   Next: 20%
Magic:  17/18      EV: 20    Int:  5    God:    Makhleb [******]
Gold:   93         SH: 23    Dex: 10    Spells: 13/13 levels left

rFire    . . .     SeeInvis +   a - +2 scimitar (protect)
rCold    . . .     Faith    .   c - +0 kite shield
rNeg     . . .     Spirit   .   b - +0 swamp dragon scales
rPois    +         Reflect  +   (helmet restricted)
rElec    .         Harm     .   r - scarf {repulsion}
rCorr    .         Rampage  .   u - +0 pair of gloves
Will     +....     NoTele   +   v - +0 pair of boots
Stlth    ..........             y - amulet of reflection
HPRegen  0.35/turn              A - ring of see invisible
MPRegen  0.16/turn              n - +2 ring of evasion

@: mighty, protection aura, slowed, repel missiles, very slow
A: retaliatory headbutt, horns 2
a: Renounce Religion, Minor Destruction, Lesser Servant of Makhleb, Major
Destruction, Greater Servant of Makhleb


You were in the Dungeon.
You worshipped Makhleb.
Makhleb was exalted by your worship.
You visited 1 branch You collected 1903 gold pieces.
You spent 1810 gold pieces at shops.

Inventory:

Hand Weapons
 a - a +2 scimitar of protection (weapon)
 e - a +5 morningstar of holy wrath
 D - a +1 scimitar of flaming
Missiles
 w - 6 throwing nets (quivered)
Armour
 b - +0 swamp dragon scales (worn)
 c - a +0 kite shield (worn)
 r - a scarf of repulsion (worn)
 u - a +0 pair of gloves (worn)
 v - a +0 pair of boots (worn)
Jewellery
 n - a +2 ring of evasion (right hand)
 p - a +3 ring of dexterity
 y - an amulet of reflection (around neck)
 z - an uncursed ring of resist corrosion
 A - a ring of see invisible (left hand)
 B - an uncursed ring of protection from cold
Wands
 x - a wand of flame (13)
Scrolls
 j - 3 scrolls of blinking
 k - 3 scrolls of remove curse
 l - 3 scrolls of amnesia
 o - 3 scrolls of fear
 s - 2 scrolls of fog
 t - 4 scrolls of enchant weapon
Potions
 f - 3 potions of heal wounds
 g - 2 potions of flight
 h - 4 potions of magic
 i - 2 potions of curing
 q - 4 potions of brilliance
 C - a potion of haste


   Skills:
 + Level 21.8 Fighting
 - Level 14.0 Long Blades
 + Level 0.9 Throwing
 + Level 16.1 Armour
 + Level 15.2 Dodging
 + Level 26.2 Shields
 * Level 6.8 Invocations
 + Level 6.2 Evocations


You had 13 spell levels left.
You didn't know any spells.
Your spell library was empty.

Dungeon Overview and Level Annotations

Branches:
Dungeon (1/1)

Altars:
Cheibriados
Dithmenos
Elyvilon
Fedhas
Gozag
Hepliaklqana
Kikubaaqudgha
Makhleb
Nemelex Xobeh
Okawaru
Qazlal
Ru
Sif Muna
Trog
Uskayaw
Vehumet
Wu Jian
Xom
Yredelemnul
Zin
The Shining One
Beogh
Jiyva
Lugonu

Shops:
D [=(=


Innate Abilities, Weirdness & Mutations

You reflexively headbutt those who attack you in melee.
You have a pair of horns on your head.


Message History

You block the lich's attack.
The lich gestures at you while chanting.
The bolt of acid is repelled.
You slice the lich!! You headbutt the lich!
The lich is severely damaged.
The vampire knight is no longer moving quickly.
The lich barely misses you. You block the lich's attack.
Unknown command.
You slash the lich!
The lich is severely damaged.
The lich gestures at you while chanting.
The bolt of acid hits you!!!
* * * LOW HITPOINT WARNING * * *
You are splashed with acid!
* * * LOW HITPOINT WARNING * * *
The ice dragon breathes frost at you.
The blast of cold hits the vampire knight!
The vampire knight resists.
The blast of cold hits the lich.
The lich resists.
The blast of cold hits you!!
You die...

▓.▓.▓.▓.▓.▓.▓.▓.▓†
▓.▓.▓.▓.▓.▓.▓.▓.▓†
▓D▓.▓.▓.▓.▓.▓.▓.▓.
▓.▓.▓.▓.▓'▓.▓.▓.▓.
▓c▓.▓.▓.▓.▓.▓.▓.▓.
▓D▓.▓.▓.▓.▓.▓.▓.▓'
▓V▓.▓.▓.▓.▓.▓.▓.▓.
▓L▓.▓.▓.▓.▓.▓.▓.▓.
▓@▓.▓.▓.▓.▓.▓.▓.▓.
▓.▓.▓.▓.▓.▓.▓.▓.▓.
▓.▓.▓.▓.▓.▓.▓.▓.▓.
▓.▓.▓.▓.▓.▓.▓.▓.▓.
▓...▓...▓...▓...▓.
▓▓▓▓▓▓▓▓▓▓▓▓▓▓▓▓▓▓


You could see 2 ice dragons, a lich (fast), a vampire knight (invisible) and a
yaktaur.

Vanquished Creatures
  Saint Roka (D)
  A lich (D)
  A thorn hunter (D)
  Agnes (D)
  A nagaraja (D)
  2 stone giants (D)
  2 entropy weavers (D)
  2 very ugly things (D)
  A bunyip (D)
  An ettin (D)
  A shambling mangrove (D)
  5 ogre magi (D)
  A yaktaur captain (D)
  Harold (D)
  Erolcha (D)
  2 hydras (D)
  A centaur warrior (D)
  A satyr (D)
  An alligator (D)
  A death yak (D)
  A deep troll earth mage (D)
  A tengu warrior (D)
  A deep troll shaman (D)
  2 shock serpents (D)
  A hell knight (D)
  An iron troll (D)
  2 sea snakes (D)
  4 deep trolls (D)
  3 lindwurms (D)
  A swamp dragon (D)
  A manticore (D)
  A harpy (shapeshifter) (D)
  2 ugly things (D)
  An orc sorcerer (D)
  A wolf spider (D)
  2 orc knights (D)
  3 black mambas (D)
  3 guardian serpents (D)
  A water nymph (D)
  Joseph (D)
  2 cane toads (D)
  Psyche (D)
  A komodo dragon (D)
  A freezing wraith (D)
  A demonic crawler (D)
  An efreet (D)
  6 trolls (D)
  2 merfolk (D)
  A jumping spider (D)
  A queen bee (shapeshifter) (D)
  3 tyrant leeches (D)
  A blink frog (D)
  2 snapping turtles (D)
  2 hornets (D)
  A slime creature (D)
  3 redbacks (D)
  A spriggan (D)
  2 yaks (D)
  A tarantella (D)
  A wyvern (D)
  3 water moccasins (D)
  A swamp drake (D)
  2 ice beasts (D)
  8 orc warriors (D)
  A sky beast (D)
  A black bear (shapeshifter) (D)
  An ogre (D)
  A wolf (D)
  A boggart (D)
  3 centaurs (D)
  4 bullfrogs (D)
  6 orc priests (D)
  An orc wizard (D)
  A worker ant (D)
  2 adders (D)
  A white imp (D)
  An adder skeleton (D)
  3 worms (D)
  A dart slug (D)
  14 orcs (D)
  A goblin (D)
  A hobgoblin (D)
  A giant cockroach zombie (D)
  A kobold (D)
  A rat (D)
156 creatures vanquished.

Vanquished Creatures (others)
  A hornet (D)
  2 orcs (D)
  A briar patch (D)
4 creatures vanquished.

Grand Total: 160 creatures vanquished

Notes
Turn   | Place    | Note
-------+----------+-------------------------------------------
     0 | D        | mhtbhm the Minotaur Fighter began the quest for the Orb.
     0 | D        | Reached XP level 1. HP: 19/19 MP: 0/0
    12 | D        | Reached skill level 4 in Shields
   158 | D        | Noticed an ice beast
   168 | D        | Reached XP level 2. HP: 21/28 MP: 1/1
   172 | D        | Killed an ice beast
   173 | D        | Reached skill level 5 in Long Blades
   173 | D        | Reached skill level 6 in Shields
   173 | D        | Reached XP level 3. HP: 38/38 MP: 2/2
   173 | D        | Reached XP level 4. HP: 45/45 MP: 3/3
   184 | D        | Found a roughly hewn altar of Beogh.
   184 | D        | Found a snail-covered altar of Cheibriados.
   184 | D        | Found a shadowy altar of Dithmenos.
   184 | D        | Found a white marble altar of Elyvilon.
   184 | D        | Found a blossoming altar of Fedhas.
   184 | D        | Found an opulent altar of Gozag.
   185 | D        | Found a hazy altar of Hepliaklqana.
   186 | D        | Found a viscous altar of Jiyva.
   187 | D        | Found an ancient bone altar of Kikubaaqudgha.
   188 | D        | Found a corrupted altar of Lugonu.
   189 | D        | Found a burning altar of Makhleb.
   190 | D        | Found a sparkling altar of Nemelex Xobeh.
   191 | D        | Found an iron altar of Okawaru.
   192 | D        | Found a stormy altar of Qazlal.
   193 | D        | Found a sacrificial altar of Ru.
   194 | D        | Found a shimmering blue altar of Sif Muna.
   195 | D        | Found a bloodstained altar of Trog.
   196 | D        | Found a hide-covered altar of Uskayaw.
   197 | D        | Became a worshipper of Makhleb the Destroyer
   198 | D        | Found a radiant altar of Vehumet.
   199 | D        | Found an ornate altar of the Wu Jian Council.
   200 | D        | Found a shimmering altar of Xom.
   201 | D        | Found a basalt altar of Yredelemnul.
   202 | D        | Found a glowing silver altar of Zin.
   203 | D        | Found a glowing golden altar of the Shining One.
   266 | D        | Noticed a troll
   266 | D        | Noticed a centaur
   268 | D        | Reached skill level 7 in Shields
   268 | D        | Reached XP level 5. HP: 48/51 MP: 4/4
   270 | D        | Killed a centaur
   271 | D        | Reached skill level 1 in Dodging
   271 | D        | Reached skill level 8 in Shields
   271 | D        | Reached * piety under Makhleb
   280 | D        | Killed a troll
   281 | D        | Reached skill level 9 in Shields
   281 | D        | Reached XP level 6. HP: 48/62 MP: 5/5
   286 | D        | Reached ** piety under Makhleb
   349 | D        | Noticed a troll
   349 | D        | Noticed a troll
   349 | D        | Noticed a sky beast
   349 | D        | Noticed a slime creature
   354 | D        | Reached skill level 10 in Shields
   354 | D        | Reached XP level 7. HP: 70/70 MP: 6/6
   355 | D        | Noticed a blink frog
   355 | D        | a troll changed into a blink frog
   356 | D        | Noticed a polar bear
   356 | D        | a blink frog changed into a polar bear
   362 | D        | Noticed a golden eye
   362 | D        | a polar bear changed into a golden eye
   364 | D        | Killed a slime creature
   365 | D        | Reached skill level 10 in Long Blades
   365 | D        | Reached skill level 10 in Armour
   367 | D        | Reached skill level 10 in Fighting
   369 | D        | Noticed a black mamba
   369 | D        | a golden eye changed into a black mamba
   377 | D        | Reached *** piety under Makhleb
   383 | D        | Killed a troll
   384 | D        | Reached XP level 8. HP: 43/80 MP: 7/7
   392 | D        | a black mamba changed into a black bear
   397 | D        | Reached skill level 11 in Shields
   785 | D        | Noticed a cane toad
   785 | D        | Noticed a cane toad
   785 | D        | Noticed a four-headed hydra
   801 | D        | Killed a cane toad
   802 | D        | Reached skill level 1 in Evocations
   805 | D        | Killed a five-headed hydra
   805 | D        | Reached **** piety under Makhleb
   806 | D        | Reached skill level 12 in Shields
   806 | D        | Reached XP level 9. HP: 71/89 MP: 8/8
   808 | D        | Reached skill level 5 in Dodging
   818 | D        | Killed a cane toad
   824 | D        | Reached ***** piety under Makhleb
   847 | D        | Reached skill level 13 in Shields
   878 | D        | Noticed a komodo dragon
   879 | D        | Noticed a death yak
   908 | D        | Killed a death yak
   909 | D        | Reached skill level 14 in Shields
   909 | D        | Reached XP level 10. HP: 100/101 MP: 9/9
   913 | D        | Reached ****** piety under Makhleb
   936 | D        | Noticed a lindwurm
   936 | D        | Noticed a lindwurm
   936 | D        | Noticed a lindwurm
   948 | D        | Killed a lindwurm
   953 | D        | Killed a lindwurm
   954 | D        | Reached skill level 15 in Shields
   967 | D        | Reached skill level 5 in Evocations
   971 | D        | Killed a lindwurm
  1056 | D        | Noticed Psyche
  1063 | D        | Killed Psyche
  1071 | D        | Noticed Erolcha
  1072 | D        | Noticed Harold
  1079 | D        | Killed Erolcha
  1080 | D        | Reached skill level 16 in Shields
  1089 | D        | Killed Harold
  1090 | D        | Reached skill level 15 in Fighting
  1090 | D        | Reached skill level 10 in Dodging
  1090 | D        | Reached XP level 11. HP: 112/112 MP: 10/10
  1109 | D        | Noticed Joseph
  1124 | D        | Killed Joseph
  1225 | D        | Noticed an orc knight
  1237 | D        | Killed an orc knight
  1243 | D        | Noticed an orc knight
  1253 | D        | Noticed an orc sorcerer
  1270 | D        | Killed an orc knight
  1271 | D        | Reached skill level 17 in Shields
  1297 | D        | Killed an orc sorcerer
  1352 | D        | Found Paprig's Jewellery Boutique.
  1352 | D        | Noticed a deep troll
  1352 | D        | Noticed a deep troll
  1353 | D        | Noticed an iron troll
  1361 | D        | Killed a deep troll
  1362 | D        | Noticed an ogre mage
  1372 | D        | Killed a deep troll
  1379 | D        | Noticed an ogre mage
  1382 | D        | Killed an iron troll
  1383 | D        | Reached skill level 18 in Shields
  1385 | D        | Found Peghug's Weapon Shop.
  1395 | D        | Paralysed by an ogre mage for 4 turns
  1401 | D        | Killed an ogre mage
  1405 | D        | Found Nuyggyeteli's Jewellery Boutique.
  1417 | D        | Killed an ogre mage
  1497 | D        | Found Hiezosoq's Antique Armour Shop.
  1502 | D        | Noticed a deep troll
  1503 | D        | Noticed a deep troll
  1504 | D        | Noticed an ogre mage
  1504 | D        | Noticed a stone giant
  1515 | D        | Killed a deep troll
  1526 | D        | HP: 5/117 [stone giant (27)]
  1535 | D        | Killed a stone giant
  1536 | D        | Reached skill level 19 in Shields
  1536 | D        | Reached XP level 12. HP: 53/127 MP: 11/11
  1546 | D        | Killed an ogre mage
  1591 | D        | Bought a +5 morningstar of holy wrath for 478 gold pieces
  1601 | D        | Bought a shiny plate armour for 624 gold pieces
  1612 | D        | Bought a glowing scale mail for 168 gold pieces
  1619 | D        | Bought an uncursed amulet of reflection for 300 gold pieces
  1628 | D        | Bought an uncursed ring of resist corrosion for 240 gold
                  | pieces
  1888 | D        | Noticed a centaur warrior
  1888 | D        | Noticed an ogre mage
  1906 | D        | Noticed an ogre mage
  1907 | D        | Noticed a green very ugly thing
  1917 | D        | Noticed an ettin
  1924 | D        | Killed a centaur warrior
  1925 | D        | Reached skill level 20 in Shields
  1927 | D        | Noticed a deep troll shaman
  1933 | D        | Killed a green very ugly thing
  1938 | D        | Killed an ogre mage
  1939 | D        | Reached skill level 15 in Armour
  1954 | D        | Killed an ogre mage
  1965 | D        | Killed an ettin
  1966 | D        | Reached skill level 21 in Shields
  1972 | D        | Killed a deep troll shaman
  2100 | D        | Noticed Saint Roka
  2165 | D        | HP: 1/130 [Saint Roka/divine providence (13)]
  2170 | D        | Killed Saint Roka
  2171 | D        | Reached skill level 22 in Shields
  2171 | D        | Reached XP level 13. HP: 61/139 MP: 12/12
  2456 | D        | Noticed an entropy weaver
  2460 | D        | Noticed an entropy weaver
  2467 | D        | Killed an entropy weaver
  2513 | D        | Killed an entropy weaver
  2707 | D        | Reached skill level 23 in Shields
  2789 | D        | Noticed a bunyip
  2795 | D        | Noticed a thorn hunter
  2821 | D        | Killed a bunyip
  2822 | D        | Reached skill level 24 in Shields
  2834 | D        | Killed a thorn hunter
  2974 | D        | Reached skill level 1 in Invocations
  2978 | D        | Noticed a nagaraja
  3015 | D        | Killed a nagaraja
  3016 | D        | Reached skill level 25 in Shields
  3259 | D        | Noticed Agnes
  3283 | D        | Killed Agnes
  3370 | D        | Noticed a vampire knight
  3370 | D        | Noticed a stone giant
  3381 | D        | Killed a stone giant
  3382 | D        | Reached skill level 5 in Invocations
  3386 | D        | Reached XP level 14. HP: 127/151 MP: 16/16
  3388 | D        | Noticed a white very ugly thing
  3403 | D        | Noticed a lich
  3418 | D        | Noticed a lich
  3466 | D        | Killed a white very ugly thing
  3467 | D        | Reached skill level 15 in Dodging
  3467 | D        | Reached skill level 26 in Shields
  3471 | D        | Killed a lich
  3475 | D        | Killed from afar by an ice dragon

Illustrated notes

Levels and vault maps discovered:
D:        linesprint [early_d, line_temple, items_1, d_10, items_2, lair_1,
          lair_end, items_3, orc_1, orc_end, items_4, d_15, swamp_1, shoals_1,
          snake_1, spider_1, d_20, vaults_1, items_5, swamp_end, shoals_end,
          snake_end, spider_end, vaults_end, d_27, items_6, zot_1, zot_end,
          crypt_end, forest_end, elf_end, slime_end, tomb_end, abyss_end,
          pan_hell_end]

Skill      XL: |  1  2  3  4  5  6  7  8  9 10 11 12 13 14 |
---------------+-------------------------------------------+-----
Fighting       | 4 6 8 9 10 11 13 15 17 19 21 | 21.8
Armour         | 4 6 7 9 10 11 12 13 14 15 16 | 16.1
Shields        | 4 6 7 9 10 12 14 16 19 22 25 26 | 26.2
Long Blades    | 3 5 6 9 11 14 | 14.0
Dodging        | 1 3 4 7 10 11 12 14 15 | 15.2
Evocations     | 2 4 5 6 |  6.2
Invocations    | 5 6 |  6.8
Throwing       | |  0.9

Action                   |  1- 3 |  4- 6 |  7- 9 | 10-12 | 13-15 || total
-------------------------+-------+-------+-------+-------+-------++-------
Melee: Long sword        |    23 |     6 |       |       |       ||    29
       Headbutt          |     3 |     7 |    22 |   127 |   106 ||   265
       Scimitar          |       |    24 |    94 |   429 |   360 ||   907
Throw: Throwing net      |       |       |       |     1 |       ||     1
Evoke: Wand              |       |       |     7 |       |     4 ||    11
  Use: Potion            |     2 |       |     3 |    11 |     2 ||    18
       Scroll            |       |       |       |       |     1 ||     1
 Stab: Invisible         |       |       |       |     2 |       ||     2
       Confused          |       |       |       |       |     4 ||     4
Armor: Scale mail        |     4 |     1 |       |       |       ||     5
       Ring mail         |       |    13 |    33 |    18 |       ||    64
       Chain mail        |       |       |       |    32 |       ||    32
       Swamp dragon scal |       |       |       |    10 |    60 ||    70
Dodge: Dodged            |     5 |    12 |    19 |    85 |   120 ||   241
       Repelled          |       |       |       |       |     1 ||     1
Block: Kite shield       |     9 |    12 |    40 |   204 |   341 ||   606
       Reflection        |       |       |       |     2 |     9 ||    11
       Rpst.: Long sword |     3 |       |       |       |       ||     3
       Scimitar          |       |     2 |     2 |     8 |    14 ||    26

Table legend: (Time is in decaauts)
 A = Elapsed time spent in this place.
 B = Non-inter-level travel time spent in this place.
 C = Inter-level travel time spent in this place.
 D = Time resting spent in this place.
 E = Time spent auto-exploring this place.
 F = Levels seen in this place.
 G = Mean time per level.
                   A        B        C        D        E       F      G
               +--------+--------+--------+--------+--------+-----+--------+
         Total |   3209 |   3209 |      0 |    814 |    925 |   1 | 3209.0 |
       Dungeon |   3209 |   3209 |      0 |    814 |    925 |   1 | 3209.0 |
               +--------+--------+--------+--------+--------+-----+--------+

Top non-repeatable levels by time:
       D: 3209 daAuts
